 Dungeon Crawl Stone Soup version 0.31-a0-1009-g454b1f1e0a (webtiles) character file.

Game seed: 17672895945409814733

450 BinkBink the Changeling (level 6, -3/59 HPs)
             Began as a Troll Shapeshifter on Nov 15, 2023.
             Slain by a troll (4 damage)
             ... on level 4 of the Dungeon.
             The game lasted 00:03:30 (3041 turns).

BinkBink the Changeling (Troll Shapeshifter)        Turns: 3041, Time: 00:03:33

Health: -3/59      AC:  4    Str: 25    XL:     6   Next: 74%
Magic:  5/5        EV: 10    Int:  6    God:
Gold:   109        SH:  0    Dex:  9    Spells: 5/5 levels left

rFire   . .          .
                       - Unarmed
rCold   . . .        (no shield)
rNeg    . . .        a - +0 animal skin
rPois   .            (helmet currently unavailable)
rElec   .            (cloak currently unavailable)
rCorr   .            (gloves unavailable)
SInv    .            (boots unavailable)
Will    .....        (no amulet)
Stlth   +            (no ring)
HPRegen 1.09/turn    (no ring)
MPRegen 0.09/turn

%: no passive effects
@: beast-form
A: beast (slay +2), large, unfitting armour, claws 3, regeneration 1, shaggy fur
1, tough skin 1
a: Begin Untransformation


You were on level 4 of the Dungeon.
You were a hulking beast.
You visited 1 branch of the dungeon, and saw 5 of its levels.

You collected 109 gold pieces.

Inventory:

Armour
 a - a +0 animal skin (worn)
Talismans
 c - a beast talisman (active)
 d - a flux talisman
Scrolls
 e - 7 scrolls of identify {unknown}
 f - 2 scrolls of noise
 h - 2 scrolls of revelation {unknown}
 i - 2 scrolls of enchant weapon {unknown}
 j - 2 scrolls of teleportation {unknown}
 p - a scroll of poison {unknown}
 q - a scroll of amnesia {unknown}
Potions
 b - 2 potions of lignification
 g - 2 potions of brilliance {unknown}
 k - a potion of cancellation {unknown}
 l - a potion of magic {unknown}
 m - a potion of degeneration {unknown}
 n - a potion of attraction {unknown}
 o - 2 potions of invisibility {unknown}


   Skills:
 + Level 2.5 Fighting
 + Level 3.0 Dodging
 + Level 4.3 Unarmed Combat
 * Level 5.0 Shapeshifting


You had 5 spell levels left.
You didn't know any spells.
Your spell library was empty.

Dungeon Overview and Level Annotations

Branches:
Dungeon (5/15)
 Temple: D:4-7

Altars:
Ashenzari
Fedhas
Gozag
Hepliaklqana
Makhleb
Nemelex Xobeh
Okawaru
Vehumet
Xom

Shops:
D:1 [


Innate Abilities, Weirdness & Mutations

You are a hulking beast.
Your limbs bulge with bestial killing power. (Slay +2)
You are too large for most types of armour.
You have claws for hands.
Your natural rate of healing is unusually fast.
You are covered in fur. (AC +1)
You have tough skin. (AC +1)


Message History

The orc hits you from afar with a +0 trident.
The adder bites you but does no damage.
You feel sick. The orc attacks as it pursues you!
The orc hits you from afar with a +0 trident.
The orc attacks as it pursues you! The orc hits you with a +0 mace.
Things that are here:
a +0 club; an orc corpse You feel sick.
You feel sick.
You are no longer poisoned.
The adder attacks as it pursues you! The adder bites you but does no damage.
The adder bites you but does no damage.
There is a stone staircase leading up here.
The adder barely misses you.
You climb upwards.
There is a stone staircase leading down here.
You claw the adder!
The adder is almost dead.
The adder bites you but does no damage.
You scratch the adder.
You kill the adder!
You start resting.
HP restored.
You climb downwards.
The troll closely misses you. The troll claws you. x2
There is a stone staircase leading up here.
The orc hits you from afar with a +0 trident.
The troll barely misses you. The troll completely misses you.
The troll claws you.
You climb upwards.
There is a stone staircase leading down here.
You closely miss the troll. The troll bites you. The troll claws you! x2
Okay, then.
As you read the scroll labelled VACEIG NAACUHO, it crumbles to dust.
You hear a loud clanging noise!
It was a scroll of noise.
The troll bites you.
* * * LOW HITPOINT WARNING * * *
The troll claws you!
* * * LOW HITPOINT WARNING * * *
The troll claws you.
You die...

#.# #..# #.#..###......#
#.# #..####.#........<..#
#.#####...................#
#.##.....####.#..........##
#.##.########.########.###
#.##.# ##...## #.# #.##.#
##.....## #.#
#.##)####...†...######.#
#..........hT.......##.#
####.####.......###.##.#
#.# ##.....## #.##.# #.#
##...## #.##.##### #.#
##### #.##...... ####.#
#.######## #....# #.# #####
#....# #.# #.%.# #...##
#.####.#..


You could see a troll.

Vanquished Creatures
  Blork the orc (D:5)
  A scorpion (D:3)
  A howler monkey (D:4)
  An orc priest (D:5)
  A jelly (D:4)
  An iguana (D:4)
  5 adders
  7 gnolls (D:3)
  2 worms (D:3)
  3 dart slugs (D:2)
  6 orcs
  2 ball pythons
  10 endoplasms
  A giant cockroach (D:4)
  11 hobgoblins
  2 quokkas
  6 bats
  5 frilled lizards
  5 goblins
  3 kobolds
  7 rats
  A spectral hobgoblin (D:3)
82 creatures vanquished.

Notes
Turn   | Place    | Note
-------+----------+-------------------------------------------
     0 | D:1      | BinkBink the Troll Shapeshifter began the quest for the
                  | Orb.
     0 | D:1      | Reached XP level 1. HP: 18/18 MP: 0/0
    65 | D:1      | Found Sos Xew's Armour Shop.
   118 | D:1      | Reached skill level 1 in Fighting
   151 | D:1      | Reached XP level 2. HP: 27/27 MP: 1/1
   783 | D:2      | You fall into a shaft and drop 2 floors!
   798 | D:4      | Noticed a howler monkey
   808 | D:4      | Killed a howler monkey
   809 | D:4      | Reached XP level 3. HP: 33/33 MP: 2/2
   866 | D:3      | Reached XP level 4. HP: 41/41 MP: 3/3
  1176 | D:2      | Reached skill level 4 in Shapeshifting
  1760 | D:3      | Found a hazy altar of Hepliaklqana.
  1818 | D:3      | Reached XP level 5. HP: 49/49 MP: 4/4
  1864 | D:3      | Found an opulent altar of Gozag.
  1864 | D:3      | Found a sparkling altar of Nemelex Xobeh.
  1872 | D:3      | Found a shimmering altar of Xom.
  1874 | D:3      | Found a faded altar of an unknown god.
  1876 | D:3      | Found a burning altar of Makhleb.
  1905 | D:3      | Found an iron altar of Okawaru.
  2317 | D:4      | Reached XP level 6. HP: 57/57 MP: 5/5
  2408 | D:4      | Found a broken altar of Ashenzari.
  2555 | D:4      | Identified the +10 sling of Lies {flame, rC++}
  2960 | D:4      | Found a blossoming altar of Fedhas.
  2965 | D:4      | Found a radiant altar of Vehumet.
  2994 | D:5      | Entered Level 5 of the Dungeon
  2994 | D:5      | Noticed Blork the orc
  3000 | D:5      | Killed Blork the orc
  3003 | D:5      | Reached skill level 5 in Shapeshifting
  3003 | D:5      | Noticed a troll
  3041 | D:4      | HP: 1/59 [troll (12)]
  3041 | D:4      | Slain by a troll

Illustrated notes

Levels and vault maps discovered:
D:1:      dpeg_arrival_refuge, layout_loops_ring, serial_shops,
          nicolae_shop_pleasant_corner_grove, serial_bayou, serial_bayou_ford_a,
          serial_bayou_shore_a, serial_bayou_lagoon_a, serial_bayou_pond_c,
          minmay_misc_feat_diagonals
D:2:      layout_basic
D:3:      layout_basic, lemuel_doored_altar,
          nicolae_hepliaklqana_monster_ancestors,
          chequers_temple_overflow_minitemple
D:4:      layout_loops_ring, mainiacjoe_overflow_catwalk,
          mainiacjoe_overflow_big_doors, serial_bayou_lake_a
D:5:      layout_loops_ring, nicolae_temple_entry_ecumenical,
          kennysheep_cluttered_room, uniq_blork_the_orc

Skill      XL: |  1  2  3  4  5  6 |
---------------+-------------------+-----
Fighting       | 1 2 |  2.5
Dodging        | 2 3 |  3.0
Shapeshifting  | 4 5 |  5.0
Unarmed Combat | 4 |  4.3

Action                     |  1- 3 |  4- 6 || total
---------------------------+-------+-------++-------
  Melee: Unarmed           |    53 |   126 ||   179
         Punch             |     1 |     3 ||     4
    Use: Scroll            |       |     1 ||     1
   Stab: Sleeping          |     1 |       ||     1
 Armour: Animal skin       |    24 |    92 ||   116
  Dodge: Dodged            |    22 |    49 ||    71
   Form: Beast             |     1 |       ||     1

Table legend: (Time is in decaauts)
 A = Elapsed time spent in this place.
 B = Non-inter-level travel time spent in this place.
 C = Inter-level travel time spent in this place.
 D = Time resting spent in this place.
 E = Time spent auto-exploring this place.
 F = Levels seen in this place.
 G = Mean time per level.
                   A        B        C        D        E       F      G
               +--------+--------+--------+--------+--------+-----+--------+
         Total |   3030 |   2865 |    165 |     65 |   2318 |   5 |  606.0 |
       Dungeon |   3030 |   2865 |    165 |     65 |   2318 |   5 |  606.0 |
               +--------+--------+--------+--------+--------+-----+--------+

Top non-repeatable levels by time:
     D:2: 797 daAuts
     D:4: 771 daAuts
     D:1: 750 daAuts
     D:3: 687 daAuts
     D:5: 23 daAuts
